[Event "V Copa Marcel Duchamp 2022"]
[Site "Montevideo"]
[Date "2022.02.18"]
[Round "8.25"]
[White "Lavandeira, Juan Facundo"]
[Black "Gaye, Gustavo"]
[Result "1/2-1/2"]
[ECO "A37"]
[WhiteElo "1520"]
[BlackElo "1990"]
[Annotator "ChessBase"]
[PlyCount "57"]
[EventDate "2022.02.12"]
[EventCountry "URU"]
[SourceTitle "playchess.com"]
[Source "ChessBase"]
[SourceQuality "1"]
[TimeControl "5400+30"]

1. c4 g6 2. g3 Bg7 3. Bg2 c5 4. Nc3 Nc6 5. Nf3 d6 6. O-O e6 7. a3 Nge7 8. Rb1 Rb8 9. b4 b6 10. b5 Na5 11. Qa4 O-O 12. Bb2 d5 13. cxd5 exd5 14. d4 Nc4 15. Ba1 Be6 16. e3 cxd4 17. exd4 Qd7 18. Rfe1 Rbc8 19. Rbd1 Rfe8 20. Qb3 Qd6 21. Nb1 Rc7 22. Bc3 Rec8 23. Bb4 Qd7 24. a4 Nf5 25. Ne5 Ne7 26. Nf3 Bf8 27. Ne5 Nxe5 28. dxe5 d4 29. Qa3 1/2-1/2

[Event "V Copa Marcel Duchamp 2022"]
[Site "Montevideo"]
[Date "2022.02.18"]
[Round "8.26"]
[White "Perez Selios, Luis"]
[Black "Benitez, Andres"]
[Result "0-1"]
[ECO "D00"]
[WhiteElo "1429"]
[BlackElo "1978"]
[Annotator "ChessBase"]
[PlyCount "74"]
[EventDate "2022.02.12"]
[EventCountry "URU"]
[SourceTitle "playchess.com"]
[Source "ChessBase"]
[SourceQuality "1"]
[TimeControl "5400+30"]

1. d4 d5 2. Bf4 Nf6 3. e3 e6 4. Nf3 c5 5. c3 Bd6 6. dxc5 Bxf4 7. exf4 Qc7 8. Nbd2 O-O 9. Bd3 Qxf4 10. O-O Qc7 11. b4 e5 12. Be2 Nc6 13. Qb1 Bg4 14. Re1 a6 15. a4 Rfe8 16. Qb2 Rad8 17. b5 Nb8 18. Nb3 Nfd7 19. Qa3 Rc8 20. Qb4 Be6 21. Rac1 f6 22. c4 d4 23. Bd3 Nxc5 24. Nxc5 Qxc5 25. Qb1 h6 26. Nd2 Nd7 27. Be4 Rc7 28. a5 Nf8 29. Qd3 axb5 30. cxb5 Qxc1 31. Rxc1 Rxc1+ 32. Nf1 Bc4 33. Bd5+ Bxd5 34. Qa3 Rec8 35. f3 R8c2 36. a6 bxa6 37. b6 Rb1 0-1

[Event "V Copa Marcel Duchamp 2022"]
[Site "Montevideo"]
[Date "2022.02.18"]
[Round "8.27"]
[White "Escofet, Jaime"]
[Black "Torales, Agustin"]
[Result "1/2-1/2"]
[ECO "B33"]
[WhiteElo "1981"]
[BlackElo "1682"]
[Annotator "NA"]
[PlyCount "82"]
[EventDate "2022.02.12"]
[EventCountry "URU"]
[SourceTitle "playchess.com"]
[Source "ChessBase"]
[SourceQuality "1"]
[TimeControl "5400+30"]

1. e4 c5 2. Nf3 Nc6 3. d4 cxd4 4. Nxd4 Nf6 5. Nc3 e5 6. Ndb5 d6 7. Bg5 a6 8. Na3 b5 9. Nd5 Be7 10. Bxf6 Bxf6 11. c3 Bg5 12. Nc2 O-O 13. Be2 Ne7 14. Ncb4 Be6 15. O-O g6 16. a4 bxa4 17. Rxa4 a5 18. Nxe7+ Qxe7 19. Nd5 Qb7 20. b3 Bxd5 21. exd5 f5 22. Bc4 Bd8 23. Qe2 Rb8 24. Rb1 Qd7 25. Qa2 f4 26. b4 f3 27. g3 Qf5 28. Re1 axb4 29. Rxb4 Rxb4 30. cxb4 Bb6 31. Qb1 Qg4 32. Re4 Qg5 33. Qd1 h5 34. Bd3 Rc8 35. Rc4 Rxc4 36. Bxc4 Qg4 37. Bf1 h4 38. Qa4 Kf7 39. Qc6 Qxb4 40. Qd7+ Kf8 41. Qe6 Kg7 1/2-1/2

[Event "V Copa Marcel Duchamp 2022"]
[Site "Montevideo"]
[Date "2022.02.18"]
[Round "8.28"]
[White "Cayetano, Juan"]
[Black "Cordero, Daniela"]
[Result "0-1"]
[ECO "C01"]
[WhiteElo "1725"]
[BlackElo "2011"]
[Annotator "NA"]
[PlyCount "78"]
[EventDate "2022.02.12"]
[EventCountry "URU"]
[SourceTitle "playchess.com"]
[Source "ChessBase"]
[SourceQuality "1"]
[TimeControl "5400+30"]

1. e4 e6 2. d4 d5 3. exd5 exd5 4. Bd3 Nc6 5. c3 Bd6 6. Nf3 Bg4 7. O-O Nge7 8. Re1 Qd7 9. Be3 O-O 10. h3 Bf5 11. Nh4 Bxd3 12. Qxd3 f5 13. Bg5 h6 14. Bxe7 Nxe7 15. Nf3 Ng6 16. g3 Rae8 17. Nbd2 Qf7 18. Kg2 Re4 19. c4 c6 20. c5 Bc7 21. Nh2 Rxe1 22. Rxe1 f4 23. Kh1 fxg3 24. fxg3 Qf2 25. Ndf3 Rf6 26. Ng4 Qxf3+ 27. Qxf3 Rxf3 28. Re8+ Rf8 29. Re3 h5 30. Nh2 h4 31. Kg2 Bxg3 32. Nf3 Nf4+ 33. Kh1 Nxh3 34. Kg2 Nf4+ 35. Kh1 Ng6 36. Rb3 Rf7 37. Ng5 Re7 38. Ra3 Nf4 39. Nf3 Re2 0-1

[Event "V Copa Marcel Duchamp 2022"]
[Site "Montevideo"]
[Date "2022.02.18"]
[Round "8.29"]
[White "Castagnet, Carlos"]
[Black "Durante, Aurelio"]
[Result "0-1"]
[ECO "E20"]
[WhiteElo "1641"]
[BlackElo "1944"]
[Annotator "NA"]
[PlyCount "96"]
[EventDate "2022.02.12"]
[EventCountry "URU"]
[SourceTitle "playchess.com"]
[Source "ChessBase"]
[SourceQuality "1"]
[TimeControl "5400+30"]

1. d4 Nf6 2. c4 e6 3. Nc3 Bb4 4. Bd2 b6 5. Nf3 Bb7 6. e3 O-O 7. Be2 d6 8. Nb5 Bxd2+ 9. Qxd2 Nbd7 10. Nc3 Ne4 11. Nxe4 Bxe4 12. O-O f5 13. Ne1 Nf6 14. f3 Bb7 15. Nd3 Qe7 16. Rac1 Rad8 17. Qc3 c5 18. b4 Nd7 19. f4 Nf6 20. Nf2 Rd7 21. Rcd1 Rfd8 22. dxc5 dxc5 23. b5 Rxd1 24. Rxd1 Rxd1+ 25. Bxd1 Qd6 26. Qd3 Ne4 27. Qxd6 Nxd6 28. Be2 Kf7 29. Kf1 Kf6 30. g4 Be4 31. g5+ Ke7 32. Nd1 e5 33. Kf2 Bb1 34. Nc3 Ne4+ 35. Nxe4 fxe4 36. Ke1 exf4 37. exf4 Ke6 38. Bg4+ Kf7 39. a3 Bd3 40. Be2 Kg6 41. Bxd3 exd3 42. Kd2 Kf5 43. Kxd3 Kxf4 44. a4 h5 45. gxh6 gxh6 46. h3 h5 47. h4 Kf3 48. Kd2 Ke4 0-1

[Event "V Copa Marcel Duchamp 2022"]
[Site "Montevideo"]
[Date "2022.02.18"]
[Round "8.31"]
[White "Amaral, Francisco"]
[Black "Palacio, Enzo"]
[Result "1/2-1/2"]
[ECO "B92"]
[WhiteElo "1672"]
[BlackElo "1896"]
[Annotator "NA"]
[PlyCount "83"]
[EventDate "2022.02.12"]
[EventCountry "URU"]
[SourceTitle "playchess.com"]
[Source "ChessBase"]
[SourceQuality "1"]
[TimeControl "5400+30"]

1. e4 c5 2. Nf3 d6 3. d4 cxd4 4. Nxd4 Nf6 5. Nc3 a6 6. Be2 e5 7. Nb3 Be7 8. Be3 Be6 9. Nd5 Nbd7 10. Nxe7 Qxe7 11. f3 d5 12. exd5 Nxd5 13. Qd2 Nxe3 14. Qxe3 Rc8 15. Bd3 O-O 16. O-O f5 17. Rfd1 Qf7 18. Rac1 Rfd8 19. Re1 g6 20. a3 Re8 21. Nd2 b5 22. a4 Bc4 23. axb5 axb5 24. b3 Bxd3 25. Qxd3 Rc5 26. c4 Rec8 27. Rc2 Qe6 28. Rec1 Qc6 29. b4 bxc4 30. Rxc4 Rxc4 31. Rxc4 Qb6+ 32. Kf1 Rxc4 33. Qxc4+ Kg7 34. Nb3 Qd6 35. Ke2 Nf6 36. Qc5 Qa6+ 37. b5 Qa2+ 38. Nd2 Nd5 39. g3 e4 40. fxe4 fxe4 41. Qc4 Qxc4+ 42. Nxc4 1/2-1/2

[Event "V Copa Marcel Duchamp 2022"]
[Site "Montevideo"]
[Date "2022.02.18"]
[Round "8.33"]
[White "Ressia, Lorenzo"]
[Black "Urrestarazu, Diego"]
[Result "0-1"]
[ECO "E71"]
[WhiteElo "1447"]
[BlackElo "1833"]
[Annotator "NA"]
[PlyCount "64"]
[EventDate "2022.02.12"]
[EventCountry "URU"]
[SourceTitle "playchess.com"]
[Source "ChessBase"]
[SourceQuality "1"]
[TimeControl "5400+30"]

1. d4 Nf6 2. c4 g6 3. Nc3 Bg7 4. e4 d6 5. h3 O-O 6. Be3 Nc6 7. g4 e5 8. d5 Nd4 9. Be2 c6 10. Nf3 Nxe2 11. Qxe2 cxd5 12. cxd5 Bd7 13. Qd2 b5 14. a3 a5 15. Qd3 b4 16. Ne2 Qb8 17. a4 Bc8 18. Nd2 Ba6 19. Nc4 b3 20. Rc1 Rc8 21. O-O Qb4 22. g5 Ne8 23. Bd2 Bxc4 24. Qe3 Qb7 25. Bc3 Qd7 26. Kh2 f5 27. Rg1 fxe4 28. Qxe4 Qf5 29. Qe3 Bxd5 30. Ng3 Qf4 31. Qd3 Qxf2+ 32. Rg2 Qxg2# 0-1

[Event "V Copa Marcel Duchamp 2022"]
[Site "Montevideo"]
[Date "2022.02.18"]
[Round "8.34"]
[White "Lanzilotta, Filippo"]
[Black "Visillac, Alejandro"]
[Result "1/2-1/2"]
[ECO "C01"]
[WhiteElo "1299"]
[BlackElo "1814"]
[Annotator "NA"]
[PlyCount "109"]
[EventDate "2022.02.12"]
[EventCountry "URU"]
[SourceTitle "playchess.com"]
[Source "ChessBase"]
[SourceQuality "1"]
[TimeControl "5400+30"]

1. e4 e6 2. d4 d5 3. exd5 exd5 4. Nc3 Nf6 5. Bd3 Be7 6. Nge2 Nc6 7. Bg5 Nb4 8. h4 h6 9. Bf4 Nxd3+ 10. Qxd3 c6 11. O-O-O O-O 12. Rdg1 $11 Re8 13. f3 Nh5 14. Bd2 Nf6 15. g4 Nh7 16. f4 Nf6 17. g5 Ne4 18. gxh6 Bf6 19. Nxe4 Rxe4 20. Nc3 Bf5 21. Nxe4 Bxe4 22. Qe3 Bxh1 23. Rxh1 gxh6 24. f5 Qf8 25. Qxh6 Qxh6 26. Bxh6 Bxd4 27. c3 Be5 28. h5 Kh7 29. Bg5 Rg8 30. Re1 f6 31. Be3 a6 32. Bd4 Re8 33. Bxe5 fxe5 34. f6 Kg8 35. h6 Kf7 36. Rg1 Kxf6 37. Rg7 b6 38. Rb7 Ke6 39. Rxb6 Kd6 40. Rxa6 Rh8 41. b4 Rxh6 42. b5 Kc5 43. bxc6 Rxc6 44. Rxc6+ Kxc6 45. Kd2 Kc5 46. a4 Kc4 47. Kc2 e4 48. Kd2 Kc5 49. Ke3 Kc4 50. Kd2 e3+ 51. Kxe3 Kxc3 52. a5 d4+ 53. Kf4 d3 54. a6 d2 55. a7 1/2-1/2

[Event "V Copa Marcel Duchamp 2022"]
[Site "Montevideo"]
[Date "2022.02.18"]
[Round "8.35"]
[White "Kulik, Nicolas"]
[Black "Masoller, Martin"]
[Result "1-0"]
[ECO "B63"]
[WhiteElo "1775"]
[BlackElo "1743"]
[Annotator "NA"]
[PlyCount "80"]
[EventDate "2022.02.12"]
[EventCountry "URU"]
[SourceTitle "playchess.com"]
[Source "ChessBase"]
[SourceQuality "1"]
[TimeControl "5400+30"]

1. e4 c5 2. Nf3 Nc6 3. d4 cxd4 4. Nxd4 Nf6 5. Nc3 d6 6. Bg5 e6 7. Qd2 h6 8. Bxf6 Qxf6 9. O-O-O Qxd4 10. Qxd4 Nxd4 11. Rxd4 a6 12. Bc4 b5 13. Bb3 Rb8 14. Rhd1 Be7 15. Ne2 O-O 16. c3 Bb7 17. f3 Rfc8 18. Kd2 a5 19. Ke1 a4 20. Bc2 d5 21. exd5 Bxd5 22. a3 Bc6 23. Ng3 f5 24. Bb1 Bc5 25. R4d2 Kf7 26. Ba2 Kf6 27. Re2 e5 28. Bd5 g6 29. Bxc6 Rxc6 30. Red2 Re8 31. Ke2 h5 32. Rd7 Ree6 33. R1d5 Bg1 34. h4 Rb6 35. Rd8 Re7 36. Rd1 Bc5 37. Rc8 Bd6 38. Rf8+ Ke6 39. Rg8 Kf7 40. Rd8 Ke6 1-0

[Event "V Copa Marcel Duchamp 2022"]
[Site "Montevideo"]
[Date "2022.02.18"]
[Round "8.36"]
[White "Zaruski, Julio"]
[Black "Martello, Benjamin"]
[Result "1-0"]
[ECO "C00"]
[WhiteElo "1764"]
[BlackElo "1594"]
[Annotator "NA"]
[PlyCount "93"]
[EventDate "2022.02.12"]
[EventCountry "URU"]
[SourceTitle "playchess.com"]
[Source "ChessBase"]
[SourceQuality "1"]
[TimeControl "5400+30"]

1. e4 e6 2. Qe2 e5 3. g3 Nf6 4. Bg2 Bc5 5. d3 O-O 6. Be3 Bb6 7. Nf3 Re8 8. O-O c6 9. c4 Bc7 10. Nc3 d6 11. h3 h6 12. d4 exd4 13. Nxd4 Nbd7 14. Qc2 Nc5 15. b4 Ne6 16. Rad1 Qe7 17. Nf5 Qf8 18. f4 Rd8 19. Qf2 b6 20. g4 a5 21. b5 c5 22. e5 d5 23. exf6 d4 24. Bxa8 dxe3 25. Qxe3 Rxd1 26. Nxd1 Bxf4 27. Rxf4 Nxf4 28. Ne7+ Kh7 29. Qxf4 gxf6 30. Be4+ f5 31. Nxf5 Bxf5 32. Qxf5+ Kg7 33. Nf2 Qd6 34. Kg2 a4 35. Nd3 a3 36. Qe5+ Qxe5 37. Nxe5 h5 38. Kg3 Kf6 39. Kf4 hxg4 40. hxg4 Ke6 41. Bd5+ Ke7 42. Nxf7 Kf8 43. Kf5 Kg7 44. g5 Kf8 45. Kf6 Ke8 46. Ne5 Kd8 47. Bf7 1-0

[Event "V Copa Marcel Duchamp 2022"]
[Site "Montevideo"]
[Date "2022.02.19"]
[Round "9.4"]
[White "Labollita, Martin"]
[Black "Morovic Fernandez, Ivan"]
[Result "1/2-1/2"]
[ECO "D00"]
[WhiteElo "2388"]
[BlackElo "2498"]
[Annotator "ChessBase"]
[PlyCount "67"]
[EventDate "2022.02.12"]
[EventCountry "URU"]
[SourceTitle "playchess.com"]
[Source "ChessBase"]
[SourceQuality "1"]
[TimeControl "5400+30"]

1. d4 d5 2. Bf4 Nf6 3. e3 e6 4. Nd2 Bd6 5. Bg3 O-O 6. Ngf3 c5 7. c3 Qc7 8. c4 cxd4 9. Nxd4 Bxg3 10. hxg3 Nc6 11. Nxc6 Qxc6 12. Be2 Rd8 13. cxd5 Qxd5 14. Nc4 Bd7 15. Qxd5 exd5 16. Ne5 d4 17. exd4 Be6 18. O-O Rxd4 19. Bf3 Rd2 20. b3 Bd5 21. Rfd1 Rxd1+ 22. Rxd1 Bxf3 23. gxf3 Rc8 24. Ng4 Kf8 25. Nxf6 gxf6 26. Rd7 Rc2 27. a4 b6 28. Rxa7 Rb2 29. Rb7 Rxb3 30. a5 b5 31. a6 Kg7 32. a7 Ra3 33. Kf1 Ra2 34. Ke1 1/2-1/2

[Event "V Copa Marcel Duchamp 2022"]
[Site "Montevideo"]
[Date "2022.02.19"]
[Round "9.5"]
[White "Santiago, Yago De Moura"]
[Black "Roselli Mailhe, Bernardo"]
[Result "1-0"]
[ECO "D38"]
[WhiteElo "2494"]
[BlackElo "2426"]
[Annotator "ChessBase"]
[PlyCount "121"]
[EventDate "2022.02.12"]
[EventCountry "URU"]
[SourceTitle "playchess.com"]
[Source "ChessBase"]
[SourceQuality "1"]
[TimeControl "5400+30"]

1. d4 Nf6 2. c4 e6 3. Nc3 d5 4. Nf3 Bb4 5. Qa4+ Nc6 6. a3 Bxc3+ 7. bxc3 Ne4 8. Qc2 Na5 9. e3 O-O 10. Bd3 b6 11. cxd5 exd5 12. O-O Re8 13. Nd2 Nf6 14. e4 dxe4 15. Nxe4 h6 16. Nxf6+ Qxf6 17. Bb2 c5 18. dxc5 Bb7 19. cxb6 Qc6 20. f3 Nc4 21. Bc1 axb6 22. Kh1 Qc5 23. a4 b5 24. Bf4 g5 25. Bc1 Bc6 26. a5 Rxa5 27. Rxa5 Nxa5 28. Bh7+ Kg7 29. c4 Qxc4 30. Bb2+ Kf8 31. Qd1 Qd5 32. Qa1 Nc4 33. Bg7+ Ke7 34. Be4 Qe6 35. Re1 Kd8 36. Bf6+ Kc8 37. Qa6+ Kc7 38. Qa7+ Kc8 39. Qa6+ Kc7 40. Qa7+ Kc8 41. Bd4 Bxe4 42. fxe4 Qc6 43. Qxf7 Nd6 44. Qf6 Kb7 45. e5 Nc8 46. e6 Qd5 47. Bg1 h5 48. Qf7+ Re7 49. Qxh5 Nd6 50. Qe2 Nc4 51. Qf2 Kc6 52. Qf8 Qd6 53. Qa8+ Kc7 54. Qa7+ Kc8 55. Qa8+ Kc7 56. Ra1 Qb4 57. Ra6 Ne5 58. Qa7+ Kc8 59. Qb6 Qe4 60. Qc5+ Kd8 61. Rd6+ 1-0

[Event "V Copa Marcel Duchamp 2022"]
[Site "Montevideo"]
[Date "2022.02.19"]
[Round "9.7"]
[White "Perdomo, Leandro"]
[Black "Coppola, Claudio"]
[Result "1/2-1/2"]
[ECO "A58"]
[WhiteElo "2447"]
[BlackElo "2285"]
[Annotator "ChessBase"]
[PlyCount "73"]
[EventDate "2022.02.12"]
[EventCountry "URU"]
[SourceTitle "playchess.com"]
[Source "ChessBase"]
[SourceQuality "1"]
[TimeControl "5400+30"]

1. d4 Nf6 2. c4 c5 3. d5 b5 4. cxb5 a6 5. bxa6 g6 6. Nc3 Bg7 7. e4 O-O 8. Nf3 Qa5 9. Bd2 Bxa6 10. Be2 Bxe2 11. Qxe2 Qa6 12. a4 Qxe2+ 13. Kxe2 Na6 14. Bg5 Rfb8 15. Rab1 Rb4 16. Nd2 h6 17. Bxf6 Bxf6 18. Rhc1 Rab8 19. b3 Bg5 20. f3 f5 21. exf5 gxf5 22. Nb5 Rh4 23. h3 d6 24. Rd1 Nb4 25. Nc4 Kf7 26. Kf2 Bf6 27. Na5 Rb6 28. Rbc1 Ra6 29. Nc4 f4 30. Rd2 Rh5 31. Rcd1 Rg5 32. Kf1 Rf5 33. Nca3 Re5 34. Nc4 Rf5 35. Nca3 Re5 36. Nc7 Ra7 37. Ncb5 1/2-1/2

[Event "V Copa Marcel Duchamp 2022"]
[Site "Montevideo"]
[Date "2022.02.19"]
[Round "9.8"]
[White "Valerga, Diego"]
[Black "Spata, German"]
[Result "1/2-1/2"]
[ECO "D52"]
[WhiteElo "2431"]
[BlackElo "2300"]
[Annotator "ChessBase"]
[PlyCount "37"]
[EventDate "2022.02.12"]
[EventCountry "URU"]
[SourceTitle "playchess.com"]
[Source "ChessBase"]
[SourceQuality "1"]
[TimeControl "5400+30"]

1. d4 d5 2. c4 c6 3. Nf3 Nf6 4. Nc3 e6 5. Bg5 Nbd7 6. e3 Qa5 7. cxd5 Nxd5 8. Rc1 Nxc3 9. bxc3 Ba3 10. Rc2 b6 11. Be2 Ba6 12. O-O Bxe2 13. Rxe2 O-O 14. e4 Rfe8 15. Re3 Bf8 16. Qb1 c5 17. Rd1 cxd4 18. cxd4 Rac8 19. h3 1/2-1/2

[Event "V Copa Marcel Duchamp 2022"]
[Site "Montevideo"]
[Date "2022.02.19"]
[Round "9.9"]
[White "Carbone, Diego"]
[Black "Hoffman, Alejandro"]
[Result "1/2-1/2"]
[ECO "E06"]
[WhiteElo "2272"]
[BlackElo "2403"]
[Annotator "ChessBase"]
[PlyCount "25"]
[EventDate "2022.02.12"]
[EventCountry "URU"]
[SourceTitle "playchess.com"]
[Source "ChessBase"]
[SourceQuality "1"]
[TimeControl "5400+30"]

1. d4 Nf6 2. c4 e6 3. g3 d5 4. Nf3 Be7 5. Bg2 O-O 6. O-O c6 7. Qc2 b6 8. Nbd2 Bb7 9. e4 Na6 10. a3 c5 11. exd5 exd5 12. dxc5 Nxc5 13. b4 1/2-1/2

[Event "V Copa Marcel Duchamp 2022"]
[Site "Montevideo"]
[Date "2022.02.19"]
[Round "9.10"]
[White "Granara Barreto, Sebastian"]
[Black "Coro, Lucas"]
[Result "1/2-1/2"]
[ECO "B13"]
[WhiteElo "2131"]
[BlackElo "2355"]
[Annotator "ChessBase"]
[PlyCount "95"]
[EventDate "2022.02.12"]
[EventCountry "URU"]
[SourceTitle "playchess.com"]
[Source "ChessBase"]
[SourceQuality "1"]
[TimeControl "5400+30"]

1. e4 c6 2. d4 d5 3. exd5 cxd5 4. Bd3 Nc6 5. c3 Nf6 6. Bf4 Bg4 7. Nf3 e6 8. Nbd2 Bd6 9. Bg3 O-O 10. O-O Bxg3 11. hxg3 Rb8 12. Qc2 Ne7 13. Ne5 Bf5 14. a4 Qc7 15. Rfc1 Rfc8 16. Qd1 Nd7 17. Nxd7 Qxd7 18. Nf3 Bxd3 19. Qxd3 Nc6 20. Re1 a6 21. Re2 Qc7 22. Rae1 b5 23. axb5 axb5 24. Ng5 g6 25. Qf3 Qe7 26. Qf4 Kg7 27. Qg4 Qf6 28. Re3 h6 29. Nh3 b4 30. Rf3 h5 31. Qg5 Qxg5 32. Nxg5 Nd8 33. Ra1 Rc7 34. Re3 bxc3 35. bxc3 Rbc8 36. Ra3 Nb7 37. Ra6 Rxc3 38. Nxe6+ fxe6 39. Rexe6 Rb3 40. Rxg6+ Kf7 41. Rgb6 Rcc3 42. Kh2 Ke7 43. Rh6 Kf7 44. Rxh5 Nd8 45. Rxd5 Nc6 46. Rc5 Nxd4 47. Rxc3 Rxc3 48. g4 1/2-1/2

[Event "V Copa Marcel Duchamp 2022"]
[Site "Montevideo"]
[Date "2022.02.19"]
[Round "9.11"]
[White "Menna Barreto, Felipe Kubiaki"]
[Black "Vazquez, Facundo"]
[Result "1/2-1/2"]
[ECO "A46"]
[WhiteElo "2351"]
[BlackElo "2319"]
[Annotator "ChessBase"]
[PlyCount "50"]
[EventDate "2022.02.12"]
[EventCountry "URU"]
[SourceTitle "playchess.com"]
[Source "ChessBase"]
[SourceQuality "1"]
[TimeControl "5400+30"]

1. d4 Nf6 2. Nf3 e6 3. Bf4 c5 4. e3 Qb6 5. Nc3 a6 6. Na4 Qa5+ 7. c3 c4 8. Nd2 d5 9. b4 Qd8 10. Be2 Bd7 11. Rb1 Bc6 12. O-O Nbd7 13. Qc2 Be7 14. Nc5 O-O 15. Nf3 Nh5 16. Nxd7 Bxd7 17. Ne5 Nxf4 18. exf4 Be8 19. Bg4 Bd6 20. g3 f5 21. Bh3 Bxe5 22. fxe5 Qe7 23. f4 b6 24. a4 Bh5 25. a5 b5 1/2-1/2

[Event "V Copa Marcel Duchamp 2022"]
[Site "Montevideo"]
[Date "2022.02.19"]
[Round "9.12"]
[White "Carvalho, Guillermo"]
[Black "Vitoux, Colomban"]
[Result "0-1"]
[ECO "A11"]
[WhiteElo "2171"]
[BlackElo "2372"]
[Annotator "NA"]
[PlyCount "156"]
[EventDate "2022.02.12"]
[EventCountry "URU"]
[SourceTitle "playchess.com"]
[Source "ChessBase"]
[SourceQuality "1"]
[TimeControl "5400+30"]

1. c4 c6 2. e4 e5 3. d4 d6 4. Nc3 Nf6 5. Nf3 Bg4 6. Be2 Qc7 7. O-O Be7 8. Be3 O-O 9. Ne1 Bxe2 10. Qxe2 Nbd7 11. Nd3 Rfe8 12. d5 a6 13. Rac1 Qb8 14. f3 Rc8 15. b3 Bd8 16. Qf2 c5 ({Black should play} 16... Ba5 $14) 17. g4 Ba5 {[%emt 0:07:38] [#]} 18. Ne2 $1 Rf8 19. Ng3 Kh8 20. Qg2 Ng8 21. Kh1 (21. h4 $18) 21... b5 22. h4 Bd8 (22... bxc4 $16 {might work better.} 23. Rxc4 (23. bxc4 Ne7 $16) 23... Ne7) 23. Qh3 (23. f4 $18) 23... Ra7 24. g5 bxc4 25. bxc4 Qc8 26. f4 exf4 27. Bxf4 Bc7 28. Rb1 Ne7 29. h5 Nb6 30. Qxc8 Rxc8 31. Rbc1 Kg8 32. e5 dxe5 33. Bxe5 Rd8 34. Ne4 Nec8 35. Rf4 Nd7 36. Bxc7 Rxc7 37. h6 Re8 38. hxg7 Kxg7 39. Rcf1 Ne5 40. Nf6 Ree7 41. Nh5+ Kf8 42. Nxe5 Rxe5 43. Nf6 Nd6 44. Nxh7+ Kg7 45. Nf6 Rxg5 46. Rh4 Kg6 (46... Rb7 $11) 47. Ng8 Nf5 48. d6 Rd7 $2 (48... Ng3+ $19 49. Kg2 Nxf1+ 50. Kxf1 Rd7 51. Ne7+ Kf6) 49. Ne7+ Nxe7 50. dxe7 Rxe7 51. Rh8 Kg7 52. Rh4 Re3 53. Rg1 Rxg1+ 54. Kxg1 Rc3 55. Re4 Kf6 56. Kf2 $19 Kf5 57. Re7 f6 58. Ra7 Ra3 59. Rd7 Rxa2+ 60. Ke3 Ra3+ 61. Kd2 Ra2+ 62. Kd3 Ra3+ 63. Kd2 Ke4 64. Rd5 Ra5 65. Kc3 f5 66. Rd6 f4 67. Rc6 f3 68. Kb2 Ra4 69. Kb3 Ra1 70. Rf6 Ke3 71. Re6+ Kd3 72. Rd6+ Ke2 73. Kb2 Ra5 74. Re6+ Kf1 75. Re4 f2 76. Re8 Ra4 77. Kb3 Rb4+ 78. Kc3 Rb6 0-1

[Event "V Copa Marcel Duchamp 2022"]
[Site "Montevideo"]
[Date "2022.02.19"]
[Round "9.13"]
[White "Lujan, Carolina"]
[Black "Mateus, Martha"]
[Result "1-0"]
[ECO "B90"]
[WhiteElo "2334"]
[BlackElo "2019"]
[Annotator "ChessBase"]
[PlyCount "87"]
[EventDate "2022.02.12"]
[EventCountry "URU"]
[SourceTitle "playchess.com"]
[Source "ChessBase"]
[SourceQuality "1"]
[TimeControl "5400+30"]

1. e4 c5 2. Nf3 d6 3. d4 cxd4 4. Nxd4 Nf6 5. Nc3 a6 6. Bd3 e5 7. Nde2 Be7 8. O-O Be6 9. Ng3 O-O 10. Nd5 Nbd7 11. c4 Re8 12. h3 Bf8 13. Be3 Rc8 14. b4 Bxd5 15. cxd5 Nb6 16. Qb3 g6 17. Rac1 h5 18. b5 a5 19. Rxc8 Nxc8 20. b6 Nd7 21. Bb5 Re7 22. Qa3 h4 23. Ne2 Nc5 24. Qxa5 Nxe4 25. Rc1 Nc5 26. Bg5 Qxb6 27. Qxb6 Nxb6 28. Bxe7 Bxe7 29. Nc3 e4 30. Nxe4 Nxe4 31. Re1 Bf6 32. Rxe4 Nxd5 33. Re8+ Kg7 34. Rb8 b6 35. Bc4 Nc3 36. Rxb6 d5 37. Bb3 Bd4 38. Rb7 Kf6 39. a4 Ke6 40. a5 Ne4 41. a6 Bxf2+ 42. Kf1 Bc5 43. Bc2 Nd6 44. a7 1-0

[Event "V Copa Marcel Duchamp 2022"]
[Site "Montevideo"]
[Date "2022.02.19"]
[Round "9.14"]
[White "Miranda, Rafael"]
[Black "Siddeley, Hugh"]
[Result "1-0"]
[ECO "B32"]
[WhiteElo "2264"]
[BlackElo "2000"]
[Annotator "ChessBase"]
[PlyCount "65"]
[EventDate "2022.02.12"]
[EventCountry "URU"]
[SourceTitle "playchess.com"]
[Source "ChessBase"]
[SourceQuality "1"]
[TimeControl "5400+30"]

1. e4 c5 2. Nf3 Nc6 3. d4 cxd4 4. Nxd4 e5 5. Nb5 d6 6. c4 Be7 7. N1c3 a6 8. Na3 f5 9. exf5 Bxf5 10. Nc2 Nf6 11. Ne3 Be6 12. g3 O-O 13. Bg2 Rc8 14. Ncd5 b5 15. cxb5 axb5 16. O-O Nd4 17. b4 Nxd5 18. Nxd5 Kh8 19. a3 Bf6 20. Bb2 Rc4 21. Rc1 Rxc1 22. Bxc1 Qb8 23. Bb2 Nf5 24. Qd2 Bd8 25. Rc1 Ne7 26. Nxe7 Bxe7 27. Bd5 Bh3 28. Qe3 Bd8 29. Rc6 Bd7 30. Ra6 Qc8 31. Rxd6 Bc7 32. Qxe5 Rf6 33. Qxf6 1-0

[Event "V Copa Marcel Duchamp 2022"]
[Site "Montevideo"]
[Date "2022.02.19"]
[Round "9.15"]
[White "Benitez, Andres"]
[Black "Michailov, Matias"]
[Result "0-1"]
[ECO "C03"]
[WhiteElo "1978"]
[BlackElo "2248"]
[Annotator "ChessBase"]
[PlyCount "74"]
[EventDate "2022.02.12"]
[EventCountry "URU"]
[SourceTitle "playchess.com"]
[Source "ChessBase"]
[SourceQuality "1"]
[TimeControl "5400+30"]

1. e4 e6 2. d4 d5 3. Nd2 a6 4. Ngf3 c5 5. exd5 exd5 6. dxc5 Bxc5 7. Nb3 Ba7 8. Be2 Nf6 9. O-O O-O 10. Bg5 Nc6 11. c3 Bg4 12. Nfd4 Bxe2 13. Nxe2 Re8 14. Ned4 h6 15. Be3 Ne5 16. Nf5 Bb8 17. Bd4 Nc6 18. Qf3 Nxd4 19. Nbxd4 Be5 20. Rfd1 Qc7 21. g3 Rad8 22. Ne3 Qb6 23. Rab1 g6 24. Ng4 Nxg4 25. Qxg4 Bg7 26. Qf3 Qa5 27. Ra1 Qa4 28. Rd2 h5 29. a3 h4 30. Rad1 Re4 31. Qg2 Rde8 32. Qf1 Bh6 33. Rd3 Qc4 34. Kg2 Qc8 35. Kg1 b5 36. f4 hxg3 37. hxg3 Qg4 0-1

[Event "V Copa Marcel Duchamp 2022"]
[Site "Montevideo"]
[Date "2022.02.19"]
[Round "9.16"]
[White "Sanhueza, Cristian"]
[Black "Meza, Anahi"]
[Result "1-0"]
[ECO "B35"]
[WhiteElo "2242"]
[BlackElo "1996"]
[Annotator "ChessBase"]
[PlyCount "107"]
[EventDate "2022.02.12"]
[EventCountry "URU"]
[SourceTitle "playchess.com"]
[Source "ChessBase"]
[SourceQuality "1"]
[TimeControl "5400+30"]

1. e4 c5 2. Nf3 Nc6 3. d4 cxd4 4. Nxd4 g6 5. Nc3 Bg7 6. Be3 Nf6 7. Bc4 O-O 8. Bb3 Re8 9. O-O d6 10. h3 Na5 11. Re1 b6 12. Qd2 Bb7 13. Bh6 Nxb3 14. axb3 Bh8 15. Qe3 Qc8 16. Ra4 a6 17. Raa1 b5 18. Qd3 Qc7 19. Rad1 Rac8 20. Re2 Qc5 21. Nf3 Qh5 22. Bc1 Nd7 23. Nd5 Nf6 24. c4 bxc4 25. bxc4 Nd7 26. b3 a5 27. Ra2 Nc5 28. Qe3 a4 29. bxa4 Ba6 30. Nb6 Rb8 31. a5 Bb7 32. Nd5 Ba6 33. Nf4 Qh6 34. Qe2 Qg7 35. Nd5 Rb7 36. Be3 Ne6 37. Rc2 Qf8 38. Qd2 Bg7 39. Nd4 Nc5 40. f3 Bxd4 41. Qxd4 Rb3 42. Nb6 Ra3 43. Bc1 Rxa5 44. Bb2 f6 45. Bc3 Ne6 46. Qd3 Rg5 47. Bd2 Rc5 48. Nd7 Qf7 49. Nxc5 dxc5 50. Be3 Rb8 51. Ra2 Rb6 52. Rda1 Rd6 53. Qb3 Bc8 54. Ra8 1-0